 Dungeon Crawl Stone Soup version 0.14-a0-19-g3ffea20 (webtiles) character file.

168 PolkaDot the Sneak (level 3, -1/22 HPs)
             Began as a Vampire Wizard on Sept 26, 2013.
             Slain by a gnoll
             ... wielding a +0,+2 spear
              (6 damage)
             ... on Level 2 of the Dungeon.
             The game lasted 00:09:40 (1645 turns).

PolkaDot the Sneak (Vampire Wizard)                 Turns: 1645, Time: 00:09:40

HP  -1/22        AC  8     Str  6      XL: 3   Next: 66%
MP  10/10        EV  5     Int 21      God:
Gold 114         SH  0     Dex 12      Spells:  2 memorised,  4 levels left

Res.Fire  : + + .   See Invis. : +   f - +0 spear
Res.Cold  : . . .   Warding    : .   k - +0 fire dragon armour (curse)
Life Prot.: . . .   Conserve   : .   (no shield)
Res.Poison: .       Res.Corr.  : .   b - +0 wizard hat
Res.Elec. : .       Clarity    : .   (no cloak)
Sust.Abil.: . .     Spirit.Shd : .   (no gloves)
Res.Mut.  : .       Stasis     : .   (no boots)
Res.Rott. : .       Flight     : .   (no amulet)
Saprovore : . . .                    (no ring)
                                     d - ring of protection from cold

@: regenerating quickly, slightly resistant to hostile enchantments, very
unstealthy
A: fangs 3, see invisible, unbreathing
a: no special abilities


You were on level 2 of the Dungeon.
You were full.

You visited 1 branch of the dungeon, and saw 2 of its levels.

You collected 94 gold pieces.

Inventory:

Hand weapons
 f - a +0,+0 spear (weapon)
Armour
 a - a +0 robe
 b - a +0 wizard hat (worn)
 k - a cursed +0 fire dragon armour (worn)
Scrolls
 e - a scroll of amnesia
 g - a scroll of identify
Jewellery
 d - a ring of protection from cold (left hand)
 l - an uncursed ring of see invisible {unknown}
Potions
 i - a potion of speed
 j - a potion of flight
Books
 c - a book of Minor Magic

   Spells                             Type                      Level
   *Magic Dart                        Conjuration                  1
   Blink                              Translocation                2
   Call Imp                           Summoning                    2
   Repel Missiles                     Charms/Air                   2
   Slow                               Hexes                        2
   *Conjure Flame                     Conjuration/Fire             3
   Mephitic Cloud                     Conjuration/Poison/Air       3


   Skills:
 + Level 0.0 Armour
 - Level 2.1 Dodging
 - Level 3.0 Stealth
 - Level 3.0 Spellcasting
 * Level 2.6 Conjurations
   Level 1.0 Summonings
   Level 0.7 Translocations


You had 4 spell levels left.
You knew the following spells:

 Your Spells              Type           Power        Failure   Level  Hunger
a - Magic Dart            Conj           ##..         99%         1    None
s - Conjure Flame         Conj/Fire      #.......     100%        3    ###....


Dungeon Overview and Level Annotations

Branches:
Dungeon (2/27)

Altars:


Innate Abilities, Weirdness & Mutations

Your natural rate of healing is unusually fast.
You have razor-sharp teeth.*
You have supernaturally acute eyesight.
You can survive without breathing.*


Message History

Press: ? - help, Dir - move target cursor, f/p - gnoll
Aim: a gnoll, wielding a spear (heavily wounded)
You reach to attack!
You hit the gnoll.
The gnoll is heavily wounded.
The gnoll hits you from afar with a spear.
Attack whom?
Press: ? - help, Dir - move target cursor, f/p - gnoll
Aim: a gnoll, wielding a spear (heavily wounded)
You reach to attack!
You hit the gnoll but do no damage.
The gnoll is heavily wounded.
The gnoll hits you from afar with a spear.
Attack whom?
Press: ? - help, Dir - move target cursor, f/p - gnoll
Aim: a gnoll, wielding a spear (heavily wounded)
You reach to attack!
You barely miss the gnoll.
The gnoll is heavily wounded.
The gnoll hits you from afar with a spear.
* * * LOW HITPOINT WARNING * * *
The gnoll hits you from afar with a spear.
You die...

#g#
#g#.#######.#
#g #.# #.#.#
#.# #.
#.#####g#.#
#g# #g
#.g.g...#.#
#.# #.
#########g#
#g#######.
#g#
#...g.g...
#g#
##########
#%# #@# ###


You could see 3 gnolls.

Vanquished Creatures
  An adder (D:2)
  A worm (D:2)
  A giant gecko (D:2)
  6 bats
  3 giant cockroaches
  6 hobgoblins (D:1)
  6 kobolds (D:1)
  2 quokkas
  2 giant newts (D:1)
  5 goblins
  2 rats (D:1)
35 creatures vanquished.

Notes
Turn   | Place    | Note
--------------------------------------------------------------
     0 | D:1      | PolkaDot, the Vampire Wizard, began the quest for the Orb.
     0 | D:1      | Reached XP level 1. HP: 11/11 MP: 6/6
    71 | D:1      | Reached skill level 1 in Conjurations
   321 | D:1      | Reached XP level 2. HP: 9/17 MP: 4/8
   892 | D:1      | Reached XP level 3. HP: 22/22 MP: 10/10
  1064 | D:2      | Learned a level 3 spell: Conjure Flame
  1645 | D:2      | Slain by a gnoll

Action                   || total
-------------------------++-------
Melee: Spear             ||    76
 Cast: Magic Dart        ||    56
       Conjure Flame     ||     4
  Use: Potion            ||     4
       Scroll            ||     5
 Stab: Sleeping          ||     2
